 Dungeon Crawl Stone Soup version 0.21-a0-26-g7b23a2f (webtiles) character file.

30 kuniqs the Shield-Bearer (level 3, 0/19 HPs)
             Began as a Vine Stalker Fighter on May 25, 2017.
             Slain by a gnoll
             ... wielding a +1 spear of piercing
              (1 damage)
             ... on level 2 of the Dungeon.
             The game lasted 00:01:11 (1187 turns).

kuniqs the Shield-Bearer (Vine Stalker Fighter)     Turns: 1187, Time: 00:01:12

Health: 0/19       AC:  7    Str: 19    XL:     3   Next: 20%
Magic:  0/4        EV:  7    Int:  8    God:
Gold:   83         SH:  9    Dex: 13    Spells: 2/2 levels left

rFire    . . .     SeeInvis .   a - +0 rapier
rCold    . . .     Gourm    .   c - +0 shield
rNeg     . . .     Faith    .   b - +0 scale mail
rPois    .         Spirit   +   o - +0 helmet
rElec    .         Reflect  .   (no cloak)
rCorr    .         Harm     .   (no gloves)
MR       .....                  (no boots)
Stlth    ..........             (no amulet)
Regen    0.1/turn               (no ring)
MPRegen  0.1/turn               (no ring)

@: no status effects
A: fangs 2, magic shield, antimagic bite, no potion heal 3, rot immunity
a: no special abilities


You were on level 2 of the Dungeon.
You were not hungry.

You visited 1 branch of the dungeon, and saw 3 of its levels.

You collected 83 gold pieces.

Inventory:

Hand Weapons
 a - a +0 rapier (weapon)
Armour
 b - a +0 scale mail (worn)
 c - a +0 shield (worn)
 o - a +0 helmet (worn)
Jewellery
 h - a cursed ring of loudness {unknown}
Scrolls
 i - a scroll of random uselessness {unknown}
 m - a scroll of enchant armour {unknown}
 n - a scroll of remove curse {unknown}
 p - a scroll of magic mapping {unknown}
Potions
 f - a potion of might
 j - a potion of agility {unknown}
 k - a potion of mutation {unknown}
 l - a potion of magic {unknown}
Comestibles
 d - a bread ration
 e - 3 meat rations
 g - 5 chunks of flesh


   Skills:
 + Level 2.8 Fighting
 + Level 2.2 Short Blades
 + Level 2.7 Armour
 + Level 0.4 Dodging
 + Level 3.0 Shields


You had 2 spell levels left.
You didn't know any spells.

Dungeon Overview and Level Annotations

Branches:
Dungeon (3/15)

Altars:

Annotations:
D:3 Natasha


Innate Abilities, Weirdness & Mutations

You have extremely sharp teeth.
When hurt, damage is shared between your health and your magic reserves.
Your bite disrupts and absorbs the magic of your enemies.
Potions cannot restore your health.
You are immune to rotting.


Message History

You see here a club. x2
p - a scroll labeled AMMOTE DIDEO A rat comes into view.
A gnoll comes into view. It is wielding a spear of piercing.
The rat bites you but does no damage.
Found a scroll labeled AMMOTE DIDEO.
You hit the rat.
You kill the rat!
You see here a scroll labeled URIUHYA GIADGH.
The gnoll hits you but does no damage.
A gnoll comes into view. It is wielding a spear.
The gnoll hits you with a spear of piercing!
You see here a scroll labeled AMMOTE DIDEO.
You hit the gnoll. You bite the gnoll. You drain its power.
You feel invigorated.
The gnoll hits you with a spear of piercing!
* * * LOW HITPOINT WARNING * * *
x2 The gnoll hits you from afar with a spear of piercing.
* * * LOW HITPOINT WARNING * * *
You die...

#.##.##..#.##.....
+.+......#.#......
#
#.##.##....#......
.
#.##.#............
#.
#.#.##.#.#........
#.#
#.#.###.........##
#..#..##
#.........##
#.#?###
#.........#.
#####..@#.#
#.........#.
......!?..#
#.........#.
......g####
#.........#.
....... . .......
. ....... .
....g.. . ......#
. ...... .


You could see 2 gnolls.

Vanquished Creatures
  3 dart slugs
  A giant cockroach (D:1)
  2 goblins (D:1)
  7 hobgoblins
  A bat (D:1)
  2 frilled lizards (D:1)
  3 kobolds
  5 rats
24 creatures vanquished.

Notes
Turn   | Place    | Note
-------+----------+-------------------------------------------
     0 | D:1      | kuniqs the Vine Stalker Fighter began the quest for the Orb.
     0 | D:1      | Reached XP level 1. HP: 11/11 MP: 2/2
   240 | D:1      | Reached XP level 2. HP: 15/16 MP: 3/3
  1073 | D:3      | Noticed Natasha
  1076 | D:3      | Reached XP level 3. HP: 18/19 MP: 4/4
  1082 | D:2      | Reached skill level 3 in Shields
  1187 | D:2      | Slain by a gnoll

Vault maps used:
D:1:      eino_arrival_water_cross, serial_bayou_crossing
D:2:      gammafunk_temple_overflow_wave, evilmike_ruin_ashenzari,
          interstate_on_off, uniq_jessica
D:3:      nicolae_overflow_crystal_walls, lemuel_crystal_altar, serial_curves,
          eino_curves_03, eino_curves_04, chequers_ecumenical_altar_island,
          first_bread, uniq_natasha, uniq_purgy

Skill      XL: |  1  2  3 |
---------------+----------+-----
Short Blades   | 2 |  2.2
Shields        | 3 |  3.0
Fighting       | |  2.8
Armour         | |  2.7
Dodging        | |  0.4

Action                   || total
-------------------------++-------
Melee: Rapier            ||    64
       Bite              ||    17
  Eat: Chunk             ||     1
Armor: Scale mail        ||    18
Dodge: Dodged            ||    14
Block: Shield            ||    29
